 Dungeon Crawl Stone Soup version 0.29-a0-284-gf9362112df (webtiles) character file.

Game seed: 3428079704956363172

14 NotOkHand the Ruffian (level 2, 23/23 HPs)
             Began as a Draconian Transmuter on Mar 23, 2022.
             Was a Follower of Cheibriados.
             Quit the game on level 1 of the Dungeon.
             The game lasted 00:05:18 (578 turns).

NotOkHand the Ruffian (Draconian Transmuter)         Turns: 578, Time: 00:05:19

Health: 23/23      AC:  4    Str: 14    XL:     2   Next: 27%
Magic:  5/5        EV: 12    Int: 15    God:    Cheibriados [*.....]
Gold:   39         SH:  0    Dex: 13    Spells: 4/5 levels left

rFire   . . .      SeeInvis .   g - +0 club
rCold   . . .      Faith    .   (no shield)
rNeg    . . .      Spirit   .   (body armour unavailable)
rPois   .          Reflect  .   (helmet restricted)
rElec   .          Harm     .   (no cloak)
rCorr   .          Rampage  .   (no gloves)
Will    .....                   (no boots)
Stlth   +.........              (no amulet)
HPRegen 0.07/turn               (no ring)
MPRegen 0.09/turn               (no ring)

@: very slow
A: AC +4, unfitting armour, cold-blooded
a: Renounce Religion, Bend Time


You were on level 1 of the Dungeon.
You worshipped Cheibriados.
Cheibriados was aware of your devotion.
You visited 1 branch of the dungeon, and saw 1 of its levels.

You collected 39 gold pieces.

Inventory:

Hand Weapons
 g - a +0 club (weapon)
Armour
 e - +0 ice dragon scales
 f - a +0 pair of gloves
Scrolls
 c - a scroll of magic mapping {unknown}
 d - a scroll of fear {unknown}
 h - a scroll of brand weapon {unknown}
Potions
 a - a potion of lignification
 b - a potion of heal wounds {unknown}
 i - a potion of degeneration {unknown}


   Skills:
 + Level 1.1 Fighting
 + Level 0.2 Maces & Flails
 + Level 2.0 Dodging
 + Level 0.1 Stealth
 + Level 3.3 Unarmed Combat
 + Level 2.1 Spellcasting
 + Level 2.1 Transmutations


You had 4 spell levels left.
You knew the following spells:

 Your Spells              Type           Power      Damage    Failure   Level
a - Beastly Appendage     Tmut           14%        N/A       10%         1

Your spell library contained the following spells:

 Spells                   Type           Power      Damage    Failure   Level
 Wereblood                Tmut           7%         N/A       14%         2
 Animate Skeleton         Necr           2%         N/A       22%         1
 Pain                     Necr           4%         1d4       22%         1
 Spider Form              Tmut/Pois      4%         N/A       38%         3
 Vampiric Draining        Necr           1%         2d6       54%         3
 Ice Form                 Ice/Tmut       4%         N/A       80%         4


Dungeon Overview and Level Annotations

Branches:
Dungeon (1/15)

Altars:
Cheibriados


Innate Abilities, Weirdness & Mutations

Your plain brown scales are hard. (AC +4)
You cannot fit into any form of body armour.
You are cold-blooded and may be slowed by cold attacks.


Message History

A goblin comes into view. It is wielding a +0 dagger.
The ball python bites you. The ball python constricts you.
The goblin moves out of view.
Casting: Beastly Appendage (safe; 10% risk of failure)
Confirm with . or Enter, or press ? or * to list all spells.
You miscast Beastly Appendage.
You are very lightly contaminated with residual magic.
Nothing appears to happen.
The ball python bites you. The ball python constricts you.
You closely miss the ball python. The ball python closely misses you.
The ball python constricts you. The ball python misses you.
The ball python constricts you.
You hit the ball python but do no damage.
The ball python completely misses you. The ball python constricts you.
You barely miss the ball python.
Your tail-slap misses the ball python.
The ball python bites you. The ball python constricts you.
The ball python bites you. The ball python constricts you.
You completely miss the ball python. The ball python bites you.
The ball python constricts you.
You hit the ball python. You tail-slap the ball python.
The ball python is severely wounded.
The ball python closely misses you. The ball python constricts you.
The ball python misses you. The ball python constricts you.
Your magical contamination has completely faded away.
You hit the ball python.
You kill the ball python!
Cheibriados appreciates the change of pace.
You hit the hobgoblin. You tail-slap the hobgoblin.
You kill the hobgoblin!
Cheibriados appreciates the change of pace.
i - a yellow potion A rat comes into view.
The rat barely misses you.
You closely miss the rat. The rat barely misses you.
You hit the rat.
You kill the rat!
Cheibriados thoroughly appreciates the change of pace.
You see here a rat corpse.
You see here a +0 club.
Are you sure you want to abandon this character and quit the game? (Confirm with "yes".)

.)#.......####.####
#.# #.# ##.#
##†.......# #.# #.#
#..# ##...........
..# #.####.##
#.......#.## ###
#........
#######.#.#
#........ #..#.
#.####.## .###.##
## #># ## #..#.#
#.# #@# #.# .#. #.#
..# #.# #.# ### #.#
#.# #.# #.# .####
#.# #.# ..... #.#
#.# #####
###########.####.#
.....
.................#
#####


There were no monsters in sight!

Vanquished Creatures
  A ball python (D:1)
  An endoplasm (D:1)
  A goblin (D:1)
  4 hobgoblins (D:1)
  A quokka (D:1)
  2 kobolds (D:1)
  A rat (D:1)
11 creatures vanquished.

Notes
Turn   | Place    | Note
-------+----------+-------------------------------------------
     0 | D:1      | NotOkHand the Draconian Transmuter began the quest for the
                  | Orb.
     0 | D:1      | Reached XP level 1. HP: 16/16 MP: 3/3
    63 | D:1      | Found a faded altar of an unknown god.
    86 | D:1      | Prayed at the altar of an unknown god.
    86 | D:1      | Became a worshipper of Cheibriados the Contemplative
    86 | D:1      | Reached * piety under Cheibriados
   342 | D:1      | Reached XP level 2. HP: 20/23 MP: 3/5
   578 | D:1      | Quit the game

Illustrated notes

Levels and vault maps discovered:
D:1:      amcnicky_arrival_underground_garden, layout_loops_ring,
          ebering_ecumenical_altar_rust

Skill      XL: |  1 |
---------------+----+-----
Dodging        | 2 |  2.0
Fighting       | |  1.1
Maces & Flails | |  0.2
Stealth        | |  0.1
Unarmed Combat | |  3.3
Spellcasting   | |  2.1
Transmutations | |  2.1

Action                   || total
-------------------------++-------
Melee: Unarmed           ||    23
       Kick              ||     4
       Headbutt          ||     4
       Tailslap          ||     5
       Club              ||    14
       Punch             ||     1
 Cast: Beastly Appendage ||     4
 Stab: Sleeping          ||     1
Armor: Skin              ||     8
Dodge: Dodged            ||    23

Table legend: (Time is in decaauts)
 A = Elapsed time spent in this place.
 B = Non-inter-level travel time spent in this place.
 C = Inter-level travel time spent in this place.
 D = Time resting spent in this place.
 E = Time spent auto-exploring this place.
 F = Levels seen in this place.
 G = Mean time per level.
                   A        B        C        D        E       F      G
               +--------+--------+--------+--------+--------+-----+--------+
         Total |    657 |    357 |    300 |      0 |      0 |   1 |  657.0 |
       Dungeon |    657 |    357 |    300 |      0 |      0 |   1 |  657.0 |
               +--------+--------+--------+--------+--------+-----+--------+

Top non-repeatable levels by time:
     D:1: 657 daAuts
